 Dungeon Crawl Stone Soup version 0.23.2-30-g0e89c35649 (webtiles) character file.

Game seed: 11964306204788647673

1632 CheeseeCupcake the Slinger (level 9, -2/55 HPs)
             Began as a Kobold Hunter on June 8, 2019.
             Was a Follower of Okawaru.
             Slain by a gnoll sergeant
             ... wielding a +3 vampiric spear
              (7 damage)
             ... on level 7 of the Dungeon.
             The game lasted 00:26:30 (7619 turns).

CheeseeCupcake the Slinger (Kobold Hunter)          Turns: 7619, Time: 00:26:31

Health: -2/55      AC: 10    Str: 11    XL:     9   Next: 18%
Magic:  13/13      EV: 13    Int: 12    God:    Okawaru [*.....]
Gold:   304        SH:  0    Dex: 17    Spells: 14/14 levels left

rFire    + . .     SeeInvis .   a - +1 hunting sling
rCold    . . .     Gourm    +   (shield restricted)
rNeg     . . .     Faith    .   j - +2 scale mail {rF+}
rPois    .         Spirit   .   g - +0 helmet
rElec    .         Reflect  .   (no cloak)
rCorr    +         Harm     .   h - +0 pair of gloves
MR       .....                  (no boots)
Stlth    +.........             d - amulet of the gourmand
HPRegen  0.18/turn              y - ring of resist corrosion
MPRegen  0.13/turn              (no ring)

@: no status effects
A: small, carnivore
a: Heroism, Renounce Religion


You were on level 7 of the Dungeon.
You worshipped Okawaru.
Okawaru was aware of your devotion.
You were completely stuffed.

You visited 2 branches of the dungeon, and saw 8 of its levels.

You collected 304 gold pieces.

Inventory:

Hand Weapons
 a - a +1 hunting sling (weapon)
 v - a +2 dagger of venom
Missiles
 e - 102 stones (quivered)
Armour
 g - a +0 helmet (worn)
 h - a +0 pair of gloves (worn)
 j - a +2 scale mail of fire resistance (worn)
Jewellery
 d - an amulet of the gourmand (around neck)
 y - a ring of resist corrosion (left hand)
Wands
 p - a wand of disintegration (14)
Scrolls
 i - 3 scrolls of fog
 k - a scroll of fear
 m - 2 scrolls of remove curse
 q - a scroll of enchant armour
 u - a scroll of teleportation {unknown}
 w - 3 scrolls of identify
 z - 3 scrolls of immolation {unknown}
 B - a scroll of enchant weapon {unknown}
Potions
 b - a potion of agility
 c - a potion of brilliance {unknown}
 l - a potion of might
 n - a potion of berserk rage {unknown}
 r - 4 potions of heal wounds
 s - 3 potions of lignification
 t - a potion of mutation
 x - a potion of ambrosia {unknown}
 A - a potion of curing
Comestibles
 f - 10 rations
 o - 2 chunks of flesh


   Skills:
 - Level 6.1 Fighting
 + Level 0.1 Short Blades
 - Level 9.0 Slings
 - Level 1.0 Armour
 * Level 5.0 Dodging
 - Level 1.3 Stealth
 * Level 3.2 Spellcasting


You had 14 spell levels left.
You didn't know any spells.
Your spell library contained the following spells:

 Spells                   Type           Power        Failure   Level  Hunger
 Corona                   Hex            #......      83%         1    #......
 Slow                     Hex            #.......     92%         2    ###....
 Inner Flame              Hex/Fire       #.......     99%         3    ###....
 Portal Projectile        Hex/Tloc       #.....       99%         3    ###....
 Cause Fear               Hex            #.........   100%        4    #####..
 Leda's Liquefaction      Hex/Erth       #.........   100%        4    #####..
 Bolt of Magma            Conj/Fire/Erth #.........   100%        5    ######.
 Iskenderun's Battlesphe  Conj/Chrm      #.......     100%        5    ######.
 Venom Bolt               Conj/Pois      #.........   100%        5    ######.
 Iron Shot                Conj/Erth      #.........   100%        6    #######
 Orb of Destruction       Conj           #.........   100%        7    #######
 Spellforged Servitor     Conj/Summ      #.........   100%        7    #######


Dungeon Overview and Level Annotations

Branches:
Dungeon (7/15)             Temple (1/1) D:5

Altars:
Ashenzari
Cheibriados
Dithmenos
Elyvilon
Fedhas
Gozag
Hepliaklqana
Kikubaaqudgha
Makhleb
Nemelex Xobeh
Okawaru
Qazlal
Ru
Sif Muna
Trog
Uskayaw
Vehumet
Wu Jian
Xom
Zin
The Shining One

Annotations:
D:1 exclusion: downstairs
D:3 zeedtz's ghost, amateur HOFi


Innate Abilities, Weirdness & Mutations

You are small and have problems with some larger weapons.
You are carnivorous and can eat meat at any time.


Message History

The stone barely misses the gnoll sergeant.
The gnoll sergeant hits you from afar with a +3 vampiric spear.
* * * LOW HITPOINT WARNING * * *
The gnoll sergeant draws strength from your wounds!
Firing (i - inventory)
e - 104 stones (quivered)
Press: ? - help, Shift-Dir - straight line, f/p - gnoll sergeant
Aim: a gnoll sergeant, wielding a +3 vampiric spear and wearing a +0 ring mail (severely wounded)
You shoot a stone.
The stone barely misses the gnoll sergeant.
The gnoll sergeant hits you but does no damage.
Firing (i - inventory)
e - 103 stones (quivered)
Press: ? - help, Shift-Dir - straight line, f/p - gnoll sergeant
Aim: a gnoll sergeant, wielding a +3 vampiric spear and wearing a +0 ring mail (severely wounded)
You shoot a stone. The stone hits the gnoll sergeant.
The gnoll sergeant is severely wounded.
The gnoll sergeant hits you from afar with a +3 vampiric spear!
* * * LOW HITPOINT WARNING * * *
The gnoll sergeant draws strength from your wounds!
The gnoll sergeant hits you from afar with a +3 vampiric spear!
You die...

#.g..# #....##..(#....
#%....#..(....
#.g...+..(... #(....#..(..
#.....# .). #..#### #g#
###### #
#..######(####..##..######
#...(((..@.......#........
#................#........
#................+........
#..#..###.####.### #..
#########'####.#########..
#..........#.........
#..........#.)...))..
#...#...))'....(....
#####....###...##...


You could see a gnoll sergeant.

Vanquished Creatures
  Sigmund (D:2)
  Eustachio (D:5)
  A water moccasin (D:6)
  A phantom (D:4)
  An ogre (D:7)
  A centaur (D:5)
  2 bullfrogs (D:6)
  2 scorpions (D:5)
  A crimson imp (D:7)
  5 hounds
  A jelly (D:5)
  An orc priest (D:3)
  4 orc wizards
  Crazy Yiuf (D:5)
  An iguana (D:6)
  3 worker ants
  6 gnolls (D:7)
  5 adders
  2 shadow imps
  2 oozes
  4 worms
  9 dart slugs (D:5)
  12 leopard geckos
  16 orcs
  3 ball pythons
  6 bats
  4 giant cockroaches
  4 goblins
  7 hobgoblins
  11 jackals
  8 kobolds
  4 quokkas
  A ball python skeleton (D:5)
  4 frilled lizards
  A jackal zombie (D:6)
  A leopard gecko skeleton (D:4)
  4 rats
141 creatures vanquished.

Notes
Turn   | Place    | Note
-------+----------+-------------------------------------------
     0 | D:1      | CheeseeCupcake the Kobold Hunter began the quest for the
                  | Orb.
     0 | D:1      | Reached XP level 1. HP: 12/12 MP: 1/1
    33 | D:1      | Reached XP level 2. HP: 17/17 MP: 2/2
   399 | D:2      | Reached XP level 3. HP: 22/22 MP: 3/3
   869 | D:2      | Noticed Sigmund
  1695 | D:2      | Reached skill level 5 in Slings
  1695 | D:2      | Reached XP level 4. HP: 24/27 MP: 4/4
  2031 | D:3      | Reached XP level 5. HP: 32/32 MP: 5/5
  2111 | D:3      | Found a runed translucent gate.
  2111 | D:3      | Found a runed translucent gate.
  2111 | D:3      | Found a runed translucent gate.
  2111 | D:3      | Noticed zeedtz's ghost (amateur HOFi)
  2141 | D:3      | Reached skill level 6 in Slings
  2153 | D:3      | Reached XP level 6. HP: 30/37 MP: 6/6
  2306 | D:3      | Found an opulent altar of Gozag.
  2681 | D:3      | HP: 1/37 [zeedtz's ghost (8)]
  3137 | D:5      | Entered Level 5 of the Dungeon
  3444 | D:4      | Reached skill level 1 in Armour
  3642 | D:4      | Noticed a phantom
  3670 | D:4      | Killed a phantom
  3670 | D:4      | Reached XP level 7. HP: 36/41 MP: 7/7
  3724 | D:4      | Reached skill level 7 in Slings
  4335 | D:2      | Killed Sigmund
  4843 | D:5      | Reached skill level 8 in Slings
  5038 | D:5      | Found a staircase to the Ecumenical Temple.
  5047 | Temple   | Entered the Ecumenical Temple
  5192 | Temple   | Became a worshipper of Warmaster Okawaru
  5425 | D:5      | Reached XP level 8. HP: 21/48 MP: 8/8
  5692 | D:5      | Noticed Eustachio
  5721 | D:5      | Killed Eustachio
  5853 | D:5      | Reached skill level 9 in Slings
  5944 | D:5      | Found a runed translucent door.
  5945 | D:5      | Noticed Crazy Yiuf
  5998 | D:5      | Killed Crazy Yiuf
  5998 | D:5      | Reached * piety under Okawaru
  5998 | D:5      | Reached skill level 5 in Fighting
  6096 | D:5      | Found a glowing golden altar of the Shining One.
  7053 | D:6      | Reached skill level 1 in Spellcasting
  7241 | D:6      | Reached XP level 9. HP: 55/55 MP: 11/11
  7561 | D:7      | Reached skill level 5 in Dodging
  7619 | D:7      | Slain by a gnoll sergeant

Skill      XL: |  1  2  3  4  5  6  7  8  9 |
---------------+----------------------------+-----
Slings         | 5 6 8 9 |  9.0
Fighting       | 3 4 6 |  6.1
Armour         | 1 |  1.0
Dodging        | 3 4 5 |  5.0
Spellcasting   | 1 3 |  3.2
Short Blades   | |  0.1
Stealth        | |  1.3

Action                   |  1- 3 |  4- 6 |  7- 9 || total
-------------------------+-------+-------+-------++-------
Melee: Dagger            |       |     3 |     4 ||     7
 Fire: Hunting sling     |    94 |   151 |   449 ||   694
  Use: Scroll            |       |       |    12 ||    12
  Eat: Chunk             |     1 |     8 |    17 ||    26
       Ration            |       |     1 |       ||     1
Armor: Scale mail        |    27 |    23 |    78 ||   128
       Leather armour    |     1 |       |       ||     1
Dodge: Dodged            |    38 |    32 |    98 ||   168
